 Dungeon Crawl Stone Soup version 0.29-a0-350-g7790a0e70a (webtiles) character file.

Game seed: 8247883318514655814

1339 avis the Cleaver (level 8, 0/74 HPs)
             Began as a Hill Orc Monk on Apr 23, 2022.
             Was a Believer of Beogh.
             Killed by nerve-wracking pain
             ... invoked by Grinder
              (2 damage)
             ... on level 6 of the Dungeon.
             The game lasted 00:28:02 (6723 turns).

avis the Cleaver (Hill Orc Monk)                    Turns: 6723, Time: 00:28:03

Health: 0/74       AC:  9    Str: 16    XL:     8   Next: 61%
Magic:  9/9        EV: 10    Int: 10    God:    Beogh [**....]
Gold:   180        SH:  0    Dex: 13    Spells: 7/7 levels left

rFire   . . .      SeeInvis .   a - +0 war axe
rCold   . . .      Faith    .   (no shield)
rNeg    . . .      Spirit   .   m - +1 scale mail {rPois}
rPois   +          Reflect  .   (no helmet)
rElec   .          Harm     .   (no cloak)
rCorr   .          Rampage  .   F - +0 pair of gloves
Will    .....                   M - +0 pair of boots
Stlth   ..........              Q - amulet of regeneration
HPRegen 1.02/turn               (no ring)
MPRegen 0.11/turn               (no ring)

@: no status effects
A: no striking features
a: Renounce Religion, Smiting


You were on level 6 of the Dungeon.
You worshipped Beogh.
Beogh was pleased with you.
You visited 1 branch of the dungeon, and saw 6 of its levels.

You collected 216 gold pieces.
You spent 36 gold pieces at shops.

Inventory:

Hand Weapons
 a - a +0 war axe (weapon)
 b - a +0 hunting sling
 l - a +0 mace
 o - a +0 spear
 r - a +0 halberd
 s - the +6 spear "Ydifihos" {venom, rPois rC+}
   (You took it off a goblin on level 3 of the Dungeon)

   It poisons the flesh of those it strikes.
   rC:        It protects you from cold.
   rPois:     It protects you from poison.
 w - a +0 flail of holy wrath
 y - a +0 hand axe
 z - a +1 dagger of draining
 A - a +0 trident
 K - a +1 dagger of venom
Missiles
 i - 101 stones
 E - 2 poisoned darts
 L - 2 boomerangs (quivered)
Armour
 f - a +0 scale mail
 h - a +0 ring mail
 m - a +1 scale mail of poison resistance (worn)
 u - a +0 chain mail
 x - a +0 robe
 F - a +0 pair of gloves (worn)
 M - a +0 pair of boots (worn)
 R - an orb of light
 T - the +1 robe "Depripets" {Contam Will++ Dex+4 SInv}
   (You found it on level 5 of the Dungeon)

   Dex:       It affects your dexterity (+4).
   SInv:      It lets you see invisible.
   Contam:    It causes magical contamination when unequipped.
   Will:      It greatly increases your willpower.
Jewellery
 Q - an amulet of regeneration (around neck)
Wands
 G - a wand of charming (22)
 I - a wand of iceblast (12)
Scrolls
 e - 3 scrolls of teleportation {unknown}
 g - 6 scrolls of fog {unknown}
 j - a scroll of enchant armour {unknown}
 k - a scroll of acquirement {unknown}
 p - 3 scrolls of immolation {unknown}
 q - 2 scrolls of identify
 B - a scroll of fear {unknown}
 J - a scroll of magic mapping {unknown}
 P - a scroll of noise
 S - a scroll of amnesia {unknown}
 V - a scroll of vulnerability {unknown}
Potions
 c - 2 potions of ambrosia
 d - 2 potions of might
 n - a potion of attraction
 t - a potion of lignification
 v - 3 potions of curing
 C - 2 potions of haste
 D - 2 potions of mutation
 H - a potion of degeneration
 N - a potion of invisibility
 O - a potion of resistance
 U - a potion of flight {unknown}


   Skills:
 + Level 7.6 Fighting
 * Level 11.6 Axes
 - Level 2.4 Dodging
 - Level 1.5 Stealth
 + Level 1.8 Invocations


You had 7 spell levels left.
You didn't know any spells.
Your spell library contained the following spells:

 Spells                   Type           Power      Damage    Failure   Level
 Animate Skeleton         Necr           0%         N/A       82%         1
 Apportation              Tloc           0%         N/A       82%         1
 Summon Small Mammal      Summ           0%         N/A       82%         1
 Frozen Ramparts          Ice            0%         1d2       99%         3
 Ice Form                 Ice/Tmut       0%         N/A       100%        4
 Olgreb's Toxic Radiance  Pois           0%         N/A       100%        4
 Summon Ice Beast         Ice/Summ       0%         N/A       100%        4
 Ozocubu's Refrigeration  Ice            0%         4d5       100%        7
 Ignition                 Fire           0%         3d3       100%        8


Dungeon Overview and Level Annotations

Branches:
Dungeon (6/15)
 Temple: D:4-7

Altars:

Shops:
D:2 :   D:3 (   D:4 ?

Annotations:
D:6 Eustachio, Grinder


Message History

The white imp disappears in a puff of smoke!
You barely miss Eustachio.
You hit the crimson imp but do no damage.
The centaur hits you but does no damage.
The centaur kicks you but does no damage.
The crimson imp hits you but does no damage.
Eustachio hits you but does no damage.
You hit the centaur but do no damage.
The centaur is moderately wounded.
You closely miss the crimson imp. You hit Eustachio but do no damage.
You closely miss Grinder.
The centaur hits you but does no damage.
The centaur kicks you but does no damage.
The crimson imp misses you. Eustachio hits you with a +0 rapier.
Grinder hits you.
* * * LOW HITPOINT WARNING * * *
The centaur hits you.
* * * LOW HITPOINT WARNING * * *
The centaur closely misses you.
You hit Eustachio.
Eustachio is heavily wounded.
You hit Grinder. You slash the centaur! You miss the crimson imp.
The centaur closely misses you. The centaur kicks you.
* * * LOW HITPOINT WARNING * * *
The crimson imp closely misses you.
Grinder says, "Just stop there for a second..."
Grinder hits you!
* * * LOW HITPOINT WARNING * * *
Eustachio hits you with a +0 rapier!
* * * LOW HITPOINT WARNING * * *
You feel better. The centaur hits you.
* * * LOW HITPOINT WARNING * * *
The centaur kicks you but does no damage.
The crimson imp hits you.
* * * LOW HITPOINT WARNING * * *
Eustachio hits you with a +0 rapier.
* * * LOW HITPOINT WARNING * * *
Grinder gestures at you. Pain shoots through your body!
You die...

.... .8. ....
#...# ...##
+#.#+ #.# ##.##
##...##
.####.....####..
......5@5......#
...####@######..
#c# #..# .....
#####.# .. ...
.!# ###


You could see Eustachio, Grinder, a centaur and a crimson imp (summoned).

Vanquished Creatures
  3 yaks (D:4)
  Edmund (D:3)
  2 ogres
  Blork the orc (D:4)
  A phantom (D:5)
  2 scorpions
  3 killer bees (D:6)
  A jelly (D:4)
  Jessica (D:3)
  An iguana (D:4)
  A mummy (D:4)
  6 adders
  3 shadow imps (D:5)
  A white imp (D:5)
  An ufetubus (D:5)
  3 dart slugs
  14 orcs
  5 ball pythons
  8 endoplasms
  A giant cockroach (D:2)
  10 goblins
  4 hobgoblins
  7 jackals
  2 quokkas
  6 bats
  2 frilled lizards (D:1)
  9 kobolds
  A kobold zombie (D:4)
  3 orc zombies (D:4)
  9 rats
  4 butterflies (D:5)
116 creatures vanquished.

Vanquished Creatures (others)
  An orc priest (D:5)
  An orc wizard (D:5)
  2 orcs (D:5)
  13 plants (D:5)
17 creatures vanquished.

Grand Total: 133 creatures vanquished

Notes
Turn   | Place    | Note
-------+----------+-------------------------------------------
     0 | D:1      | avis the Hill Orc Monk began the quest for the Orb.
     0 | D:1      | Reached XP level 1. HP: 19/19 MP: 1/1
   160 | D:1      | Reached XP level 2. HP: 13/26 MP: 2/2
   302 | D:1      | Reached skill level 5 in Axes
  1008 | D:1      | Reached XP level 3. HP: 33/33 MP: 3/3
  1225 | D:1      | You fall into a shaft and drop 1 floor!
  1802 | D:2      | Found a faded altar of an unknown god.
  1827 | D:2      | Reached skill level 6 in Axes
  1827 | D:2      | Reached XP level 4. HP: 39/40 MP: 4/4
  2227 | D:2      | Found Xeunulob's Book Boutique.
  2610 | D:3      | Identified the +6 spear "Ydifihos" {venom, rPois rC+}
  2970 | D:3      | Reached XP level 5. HP: 45/47 MP: 5/5
  3450 | D:3      | Noticed Jessica
  3452 | D:3      | Killed Jessica
  3453 | D:3      | Reached skill level 7 in Axes
  3462 | D:3      | Found Fogodo's Weapon Shoppe.
  3684 | D:4      | Noticed Edmund
  3737 | D:3      | Killed Edmund
  3738 | D:3      | Reached skill level 5 in Fighting
  3738 | D:3      | Reached XP level 6. HP: 20/56 MP: 6/6
  3944 | D:4      | Reached skill level 8 in Axes
  4505 | D:4      | Reached skill level 9 in Axes
  4505 | D:4      | Reached XP level 7. HP: 39/62 MP: 7/7
  4626 | D:4      | Noticed Blork the orc
  4639 | D:4      | Killed Blork the orc
  4989 | D:4      | Found Ceeh's Magic Scroll Emporium.
  5047 | D:4      | Bought a scroll of noise for 12 gold pieces
  5047 | D:4      | Bought a scroll of identify for 24 gold pieces
  5117 | D:5      | Entered Level 5 of the Dungeon
  5118 | D:5      | Noticed a yak
  5119 | D:5      | Noticed a yak
  5122 | D:5      | Noticed a yak
  5132 | D:4      | Killed a yak
  5292 | D:4      | Killed a yak
  5293 | D:4      | Reached skill level 10 in Axes
  5293 | D:4      | Reached XP level 8. HP: 52/71 MP: 8/8
  5303 | D:4      | Killed a yak
  5557 | D:5      | Became a worshipper of Beogh the Brigand
  5557 | D:5      | Reached * piety under Beogh
  5557 | D:5      | Reached ** piety under Beogh
  5566 | D:5      | Reached skill level 11 in Axes
  5858 | D:5      | Identified the +1 robe "Depripets" {Contam Will++ Dex+4
                  | SInv}
  6600 | D:6      | Reached skill level 1 in Invocations
  6710 | D:6      | Noticed Eustachio
  6711 | D:6      | Noticed Grinder
  6722 | D:6      | HP: 3/74 [Eustachio/+0 rapier (7)]
  6723 | D:6      | Killed from afar by Grinder

Illustrated notes

Levels and vault maps discovered:
D:1:      ebering_trefoil_3fold, layout_loops_cross
D:2:      layout_rooms, ebering_ecumenical_altar_box, serial_shops,
          nicolae_shop_stone, kennysheep_generic_room_10
D:3:      layout_loops_ring, serial_shops, nicolae_shop_hallway_plus,
          uniq_jessica
D:4:      layout_basic, serial_shops, nicolae_shop_advertising_works
          [nicolae_subvault_shop_adworks], minmay_mini_ossuary,
          uniq_blork_the_orc, uniq_edmund
D:5:      layout_basic, hangedman_glass_garden, minmay_hedge_maze,
          grunt_decor_junction, serial_bayou_lake_a
D:6:      cheibrodos_barr_body, layout_loops_cross, nemelex_dance_club_becter,
          uniq_eustachio, uniq_grinder, uniq_duvessa

Skill      XL: |  1  2  3  4  5  6  7  8 |
---------------+-------------------------+-----
Axes           | 5 6 7 9 10 11 | 11.6
Fighting       | 4 5 6 7 |  7.6
Invocations    | 1 |  1.8
Dodging        | |  2.4
Stealth        | |  1.5

Action                   |  1- 3 |  4- 6 |  7- 9 || total
-------------------------+-------+-------+-------++-------
Melee: Hand axe          |   130 |    79 |       ||   209
       Punch             |     2 |     2 |     1 ||     5
       War axe           |       |    59 |   163 ||   222
       Flail             |       |       |     2 ||     2
 Fire: Hunting sling     |       |    32 |     6 ||    38
Throw: Dart              |       |     2 |     2 ||     4
       Boomerang         |       |       |     3 ||     3
Invok: Convert to Beogh  |       |       |     1 ||     1
  Use: Scroll            |       |       |     8 ||     8
       Potion            |       |       |     1 ||     1
Armor: Robe              |    10 |       |       ||    10
       Scale mail        |    30 |    54 |    63 ||   147
Dodge: Dodged            |    62 |    83 |    69 ||   214

Table legend: (Time is in decaauts)
 A = Elapsed time spent in this place.
 B = Non-inter-level travel time spent in this place.
 C = Inter-level travel time spent in this place.
 D = Time resting spent in this place.
 E = Time spent auto-exploring this place.
 F = Levels seen in this place.
 G = Mean time per level.
                   A        B        C        D        E       F      G
               +--------+--------+--------+--------+--------+-----+--------+
         Total |   6808 |   6362 |    446 |   2299 |   2507 |   6 | 1134.7 |
       Dungeon |   6808 |   6362 |    446 |   2299 |   2507 |   6 | 1134.7 |
               +--------+--------+--------+--------+--------+-----+--------+

Top non-repeatable levels by time:
     D:4: 1687 daAuts
     D:1: 1543 daAuts
     D:3: 1539 daAuts
     D:5: 1082 daAuts
     D:2: 851 daAuts
     D:6: 103 daAuts
